APL (24 & UNDER)
DUNEDIN BLUE JAYS @ KENOSHA KINGFISH
08/19/2025
 
TOP OF THE 1ST
Dunedin Blue Jays batting - Pitching for Kenosha Kingfish : RHP Pablo Suárez
Pitching: RHP Pablo Suárez
Batting: RHB Albert Alemán 0-0: Ball
1-0: Ground out 6-3 (Groundball, 6)
Batting: RHB Ernesto Gonzáles 0-0: Called Strike
0-1: Ball
1-1: Ball
2-1: Called Strike
2-2: Foul Ball, location: 2F
2-2: Fly out, F4 (Line Drive, 4)
Batting: RHB Si-xun Li 0-0: Ball
1-0: Ground out 5-3 (Groundball, 5L)
Top of the 1st over - 0 run(s), 0 hit(s), 0 error(s), 0 left on base; Dunedin 0 - Kenosha 0
BOTTOM OF THE 1ST
Kenosha Kingfish batting - Pitching for Dunedin Blue Jays : RHP Firmino Orsi
Pitching: RHP Firmino Orsi
Batting: SHB Devin Smith 0-0: Foul Ball, location: 2F
0-1: Fly out, F7 (Flyball, 7D)
Batting: RHB Matt Rodríguez 0-0: Swinging Strike
0-1: Ball
1-1: Called Strike
1-2: Ground out 1-3 (Groundball, 13)
Batting: RHB Alberto García 0-0: Called Strike
0-1: Foul Ball, location: 2F
0-2: Strikes out swinging
Bottom of the 1st over - 0 run(s), 0 hit(s), 0 error(s), 0 left on base; Dunedin 0 - Kenosha 0
TOP OF THE 2ND
Dunedin Blue Jays batting - Pitching for Kenosha Kingfish : RHP Pablo Suárez
Batting: RHB Keith Ivey 0-0: Called Strike
0-1: Foul Ball, location: 2F
0-2: Ball
1-2: Ball
2-2: Ball
3-2: Base on Balls
Batting: RHB Harry Miller 0-0: Ball
1-0: Ball
2-0: Called Strike
2-1: Foul Ball, location: 2F
2-2: Foul Ball, location: 2F
2-2: Ball
3-2: Ground out 5-3 (Groundball, 5)
Keith Ivey to second
Batting: SHB Richard Griffin 0-0: DOUBLE (Line Drive, 89D)
Keith Ivey scores
Batting: RHB Jaime García 0-0: Foul Ball, location: 2F
0-1: Called Strike
0-2: Foul Ball, location: 2F
0-2: Ball
1-2: Ball
2-2: Fly out, F6 (Popup, 8RS)
Batting: RHB José Carlos Santos 0-0: Ball
Wild Pitch!
Richard Griffin to third
1-0: Called Strike
1-1: Foul Ball, location: 2F
1-2: Strikes out swinging
Top of the 2nd over - 1 run(s), 1 hit(s), 0 error(s), 1 left on base; Dunedin 1 - Kenosha 0
BOTTOM OF THE 2ND
Kenosha Kingfish batting - Pitching for Dunedin Blue Jays : RHP Firmino Orsi
Batting: SHB Ken Gibson 0-0: Ground out U3 (Groundball, 3)
Batting: RHB Francisco Martínez 0-0: Called Strike
0-1: Called Strike
0-2: Ground out 4-3 (Groundball, 4)
Batting: RHB Edgardo Vásquez 0-0: Called Strike
0-1: Ball
1-1: Ball
2-1: Foul Ball, location: 2F
2-2: Foul Ball, location: 2F
2-2: Strikes out swinging
Bottom of the 2nd over - 0 run(s), 0 hit(s), 0 error(s), 0 left on base; Dunedin 1 - Kenosha 0
TOP OF THE 3RD
Dunedin Blue Jays batting - Pitching for Kenosha Kingfish : RHP Pablo Suárez
Batting: SHB Oliver Riley 0-0: Called Strike
0-1: Called Strike
0-2: Ball
1-2: Strikes out swinging
Batting: RHB Albert Alemán 0-0: Ball
1-0: Ground out 1-3 (Groundball, 25)
Batting: RHB Ernesto Gonzáles 0-0: SINGLE (Line Drive, 4M)
Batting: RHB Si-xun Li 0-0: Called Strike
0-1: Swinging Strike
0-2: Fly out, F7 (Flyball, 7M)
Top of the 3rd over - 0 run(s), 1 hit(s), 0 error(s), 1 left on base; Dunedin 1 - Kenosha 0
BOTTOM OF THE 3RD
Kenosha Kingfish batting - Pitching for Dunedin Blue Jays : RHP Firmino Orsi
Batting: RHB Doug Lutz 0-0: Called Strike
0-1: Ball
1-1: Ball
2-1: Called Strike
2-2: SINGLE (Groundball, 5L)
Batting: RHB Tommy Davenport 0-0: Swinging Strike
0-1: Ball
1-1: Ball
2-1: Foul Ball, location: 2F
2-2: Strikes out looking
Batting: LHB Jon Quinn 0-0: Ball
1-0: Foul Ball, location: 2F
1-1: Ball
2-1: Ball
3-1: Base on Balls
Doug Lutz to second
Batting: SHB Devin Smith 0-0: Foul Ball, location: 2F
0-1: SINGLE (Line Drive, 6M)
Doug Lutz to third
Jon Quinn to second
Runner from 3rd tries for Home, throw and OUT!
Jon Quinn to third
Devin Smith to second
Batting: RHB Matt Rodríguez 0-0: Fly out, F9 (Flyball, 9LMF)
Bottom of the 3rd over - 0 run(s), 2 hit(s), 0 error(s), 2 left on base; Dunedin 1 - Kenosha 0
TOP OF THE 4TH
Dunedin Blue Jays batting - Pitching for Kenosha Kingfish : RHP Pablo Suárez
Batting: RHB Keith Ivey 0-0: Ball
1-0: Foul Ball, location: 2F
1-1: Ball
2-1: Called Strike
2-2: Strikes out swinging
Batting: RHB Harry Miller 0-0: Called Strike
0-1: Ball
1-1: Swinging Strike
1-2: Ball
2-2: Ball
3-2: Ground out 5-3 (Groundball, 5S)
Batting: SHB Richard Griffin 0-0: Ball
1-0: Called Strike
1-1: Fly out, F7 (Flyball, 7M)
Top of the 4th over - 0 run(s), 0 hit(s), 0 error(s), 0 left on base; Dunedin 1 - Kenosha 0
BOTTOM OF THE 4TH
Kenosha Kingfish batting - Pitching for Dunedin Blue Jays : RHP Firmino Orsi
Batting: RHB Alberto García 0-0: Ball
1-0: Ball
2-0: Called Strike
2-1: Swinging Strike
2-2: Ball
3-2: Foul Ball, location: 2F
3-2: SINGLE (Groundball, 34D)
Batting: SHB Ken Gibson 0-0: Foul Ball, location: 2F
0-1: Ball
1-1: Fielders Choice at 2nd, 4-6 (Groundball, 4)
Batting: RHB Francisco Martínez 0-0: Called Strike
Ken Gibson steals 2nd base
0-1: Ball
1-1: Ball
2-1: Swinging Strike
2-2: Ball
3-2: Base on Balls
Batting: RHB Edgardo Vásquez 0-0: Foul Ball, location: 2F
0-1: Ball
1-1: Foul Ball, location: 2F
1-2: SINGLE (Flyball, 9LS)
Ken Gibson to third
Francisco Martínez to second
Runner from 3rd tries for Home, SAFE, no throw or cutoff
Batting: RHB Doug Lutz 0-0: Ball
1-0: SINGLE (Flyball, 4D)
Francisco Martínez to third
Edgardo Vásquez to second
Runner from 3rd tries for Home, SAFE, throw made home
Batting: RHB Tommy Davenport 0-0: Ball
1-0: Swinging Strike
1-1: Fly out, F7 (Flyball, 7LS)
Pitching: RHP Fernando Guzmán
Batting: LHB Jon Quinn 0-0: Fly out, F7 (Flyball, 78S)
Bottom of the 4th over - 2 run(s), 3 hit(s), 0 error(s), 2 left on base; Dunedin 1 - Kenosha 2
TOP OF THE 5TH
Dunedin Blue Jays batting - Pitching for Kenosha Kingfish : RHP Pablo Suárez
Batting: RHB Jaime García 0-0: Called Strike
0-1: Ball
1-1: Bunt for hit - play at first, batter safe!
Batting: RHB José Carlos Santos 0-0: Swinging Strike
0-1: Ball
1-1: Foul Ball, location: 2F
1-2: Foul Ball, location: 2F
1-2: Fly out, F8 (Line Drive, 8LS)
Batting: SHB Oliver Riley 0-0: Ball
1-0: Ball
2-0: Ball
3-0: Called Strike
3-1: Base on Balls
Jaime García to second
Batting: RHB Albert Alemán 0-0: Fly out, F6 (Popup, 6D)
Batting: RHB Ernesto Gonzáles 0-0: Ball
1-0: Fly out, F7 (Flyball, 7M)
Top of the 5th over - 0 run(s), 1 hit(s), 0 error(s), 2 left on base; Dunedin 1 - Kenosha 2
BOTTOM OF THE 5TH
Kenosha Kingfish batting - Pitching for Dunedin Blue Jays : RHP Fernando Guzmán
Batting: SHB Devin Smith 0-0: Called Strike
0-1: Called Strike
0-2: Ball
1-2: Foul Ball, location: 2F
1-2: Strikes out swinging
Batting: RHB Matt Rodríguez 0-0: Ball
1-0: Foul Ball, location: 2F
1-1: DOUBLE (Line Drive, 7D)
Batting: RHB Alberto García 0-0: Foul Ball, location: 2F
0-1: DOUBLE (Line Drive, 7LS)
Matt Rodríguez scores
Batting: SHB Ken Gibson 0-0: Ball
1-0: Fly out, F5 (Popup, 5F)
Batting: RHB Francisco Martínez 0-0: Ball
1-0: Foul Ball, location: 2F
1-1: Foul Ball, location: 2F
1-2: Ground out 6-3 (Groundball, 6)
Bottom of the 5th over - 1 run(s), 2 hit(s), 0 error(s), 1 left on base; Dunedin 1 - Kenosha 3
TOP OF THE 6TH
Dunedin Blue Jays batting - Pitching for Kenosha Kingfish : RHP Pablo Suárez
Batting: RHB Si-xun Li 0-0: Ball
1-0: Ball
2-0: Called Strike
2-1: SOLO HOME RUN (Flyball, 78XD), Distance : 419 ft
Batting: RHB Keith Ivey 0-0: Ball
1-0: Swinging Strike
1-1: Swinging Strike
1-2: Foul Ball, location: 2F
1-2: Ball
2-2: SINGLE (Line Drive, 6MD)
Batting: RHB Harry Miller 0-0: Called Strike
0-1: Grounds into double play, 4-6-3 (Groundball, 4)
Batting: SHB Richard Griffin 0-0: Called Strike
0-1: Ball
1-1: Ground out 1-3 (Groundball, 23)
Top of the 6th over - 1 run(s), 2 hit(s), 0 error(s), 0 left on base; Dunedin 2 - Kenosha 3
BOTTOM OF THE 6TH
Kenosha Kingfish batting - Pitching for Dunedin Blue Jays : RHP Fernando Guzmán
Batting: RHB Edgardo Vásquez 0-0: Called Strike
0-1: Called Strike
0-2: Ball
1-2: Ball
2-2: Ball
3-2: Foul Ball, location: 2F
3-2: Foul Ball, location: 2F
3-2: Base on Balls
Pitching: RHP Jesús Ortíz
Batting: RHB Doug Lutz 0-0: Called Strike
0-1: Ground out 5-3 (Groundball, 56)
Edgardo Vásquez to second
Batting: RHB Tommy Davenport 0-0: Ball
1-0: Called Strike
1-1: Called Strike
1-2: Strikes out swinging
Batting: LHB Jon Quinn 0-0: Called Strike
0-1: Ball
1-1: Swinging Strike
1-2: Strikes out swinging
Bottom of the 6th over - 0 run(s), 0 hit(s), 0 error(s), 1 left on base; Dunedin 2 - Kenosha 3
TOP OF THE 7TH
Dunedin Blue Jays batting - Pitching for Kenosha Kingfish : RHP Pablo Suárez
Pitching: RHP Aubrey Hudson
Batting: RHB Jaime García 0-0: Fly out, F9 (Popup, 34D)
Batting: RHB José Carlos Santos 0-0: Ball
1-0: Called Strike
1-1: Foul Ball, location: 2F
1-2: Foul Ball, location: 2F
1-2: Ball
2-2: SINGLE (Popup, 34)
Pinch Hitting: LHB Tony Rivera 0-0: Called Strike
0-1: Foul Ball, location: 2F
0-2: Strikes out looking
Batting: RHB Albert Alemán 0-0: Called Strike
0-1: Swinging Strike
0-2: Ball
1-2: Ball
2-2: Ball
3-2: Base on Balls
José Carlos Santos to second
Batting: RHB Ernesto Gonzáles 0-0: Called Strike
0-1: SINGLE (Line Drive, 34)
José Carlos Santos to third
Albert Alemán to second
Runner from 3rd tries for Home, SAFE, no throw or cutoff
Batting: RHB Si-xun Li 0-0: Foul Ball, location: 2F
0-1: Called Strike
0-2: Foul Ball, location: 2F
0-2: Ground out 5-3 (Groundball, 56)
Top of the 7th over - 1 run(s), 2 hit(s), 0 error(s), 2 left on base; Dunedin 3 - Kenosha 3
BOTTOM OF THE 7TH
Kenosha Kingfish batting - Pitching for Dunedin Blue Jays : RHP Jesús Ortíz
Now at 3B: Tony Rivera
Batting: SHB Devin Smith 0-0: Ball
1-0: Called Strike
1-1: Ball
2-1: Ball
3-1: Foul Ball, location: 2F
3-2: Strikes out swinging
Batting: RHB Matt Rodríguez 0-0: Ball
1-0: Called Strike
1-1: SINGLE (Line Drive, 7S)
Pinch Hitting: SHB Júlio Valentín 0-0: Ball
1-0: Called Strike
1-1: Called Strike
1-2: Foul Ball, location: 2F
1-2: Fly out, F9 (Flyball, 9M)
Pitching: RHP Bill Hines
Batting: SHB Ken Gibson 0-0: Called Strike
0-1: Ball
1-1: Swinging Strike
1-2: 2-RUN HOME RUN (Flyball, 89XD), Distance : 436 ft
Batting: RHB Francisco Martínez 0-0: Fly out, F8 (Flyball, 8LM)
Bottom of the 7th over - 2 run(s), 2 hit(s), 0 error(s), 0 left on base; Dunedin 3 - Kenosha 5
TOP OF THE 8TH
Dunedin Blue Jays batting - Pitching for Kenosha Kingfish : RHP Aubrey Hudson
Now in CF: Júlio Valentín
Batting: RHB Keith Ivey 0-0: Ball
1-0: Ground out 5-3 (Groundball, 56S)
Batting: RHB Harry Miller 0-0: Called Strike
0-1: Ground out 6-3 (Groundball, 6)
Batting: SHB Richard Griffin 0-0: Fly out, F6 (Popup, 6M)
Top of the 8th over - 0 run(s), 0 hit(s), 0 error(s), 0 left on base; Dunedin 3 - Kenosha 5
BOTTOM OF THE 8TH
Kenosha Kingfish batting - Pitching for Dunedin Blue Jays : RHP Bill Hines
Batting: RHB Edgardo Vásquez 0-0: Fly out, F9 (Flyball, 89M)
Batting: RHB Doug Lutz 0-0: Ball
1-0: Ball
2-0: Foul Ball, location: 2F
2-1: Foul Ball, location: 2F
2-2: Strikes out swinging
Batting: RHB Tommy Davenport 0-0: SINGLE (Line Drive, 5)
Batting: LHB Jon Quinn 0-0: Ball
1-0: Called Strike
1-1: Ball
2-1: Ball
3-1: Foul Ball, location: 2F
3-2: Strikes out swinging
Bottom of the 8th over - 0 run(s), 1 hit(s), 0 error(s), 1 left on base; Dunedin 3 - Kenosha 5
TOP OF THE 9TH
Dunedin Blue Jays batting - Pitching for Kenosha Kingfish : RHP Aubrey Hudson
Pitching: RHP Bo Adams
Batting: RHB Jaime García 0-0: Called Strike
0-1: Foul Ball, location: 2F
0-2: Foul Ball, location: 2F
0-2: Strikes out swinging
Batting: RHB José Carlos Santos 0-0: Ball
1-0: Foul Ball, location: 2F
1-1: Called Strike
1-2: Ball
2-2: Foul Ball, location: 2F
2-2: Foul Ball, location: 2F
2-2: Strikes out swinging
Batting: LHB Tony Rivera 0-0: Called Strike
0-1: Foul Ball, location: 2F
0-2: Foul Ball, location: 2F
0-2: Ball
1-2: Ball
2-2: Foul Ball, location: 2F
2-2: Foul Ball, location: 2F
2-2: Ball
3-2: Foul Ball, location: 2F
3-2: Foul Ball, location: 2F
3-2: Base on Balls
Batting: RHB Albert Alemán 0-0: Called Strike
0-1: Ball
1-1: Fielders Choice at 2nd, U6 (Groundball, 6M)
Top of the 9th over - 0 run(s), 0 hit(s), 0 error(s), 1 left on base; Dunedin 3 - Kenosha 5
This league is powered by Out of the Park Baseball, the baseball management simulation game for PC, Mac and Linux
Tuesday, August 2nd, 2016 - OOTP Baseball 16.8 Build 38